Map: Moonlight Madness LE (Void)

Players

NickXL

  • Race: Terran Terran
  • League: Grandmaster

wabbajack - Winner!

  • Race: Zerg Zerg
  • League: Grandmaster

VOD

Have the link to the VOD?

Description

Time

  • Played on: July 15, 2015, 9:51 p.m.
  • Length: 5:01
Show
View Real Time Build Order
Export as new Build Order

NickXL Terran 

Build Orders:  

Get SALT Encoding   

  12  0:01  SCV  
  13  0:13  SCV  
  14  0:19  Supply Depot  
  14  0:26  SCV  
  15  0:35  Refinery  
  15  0:37  Refinery  
  15  0:41  SCV  
  16  0:52  Barracks  
  16  0:55  SCV  
  17  1:08  SCV  
  18  1:20  SCV  
  19  1:32  SCV  
  20  1:40  Barracks Reactor  
  20  1:44  Orbital Command  
  20  1:46  Supply Depot  
  20  1:57  Barracks  
  20  2:09  SCV  
  20  2:15  Barracks  
  21  2:19  Reaper x2  
  21  2:22  SCV  
  24  2:29  Supply Depot  
  24  2:39  SCV  
  25  2:44  Barracks Reactor  
  25  2:51  SCV, Reaper x2  
  28  3:07  SCV, Reaper  
  29  3:23  Reaper  
  29  3:25  Reaper x3  
  33  3:28  SCV  
  33  3:32  Command Center  
  33  3:34  Supply Depot  
  34  3:40  Reaper  
  35  3:55  Reaper  
  36  3:56  Supply Depot  
  36  3:57  SCV, Reaper x3  
  28  4:13  Reaper  
Show
View Real Time Build Order
Export as new Build Order

wabbajack Zerg - Winner!

Build Orders: Hatch First 

Get SALT Encoding   

  12  0:02  Drone  
  13  0:14  Overlord  
  13  0:22  Drone  
  13  0:24  Extractor  
  13  0:26  Drone, Extractor  
  13  0:30  Drone  
  16  0:37  Drone  
  17  0:57  Hatchery  
  17  1:00  Extractor  
  17  1:03  Drone  
  16  1:05  Drone  
  17  1:22  Spawning Pool  
  16  1:35  Drone  
  16  1:36  Drone x2  
  19  1:48  Overlord  
  19  2:09  Queen  
  19  2:10  Queen  
  19  2:11  Metabolic Boost  
  19  2:15  Drone x2  
  25  2:19  Drone  
  26  2:40  Zergling x2  
  28  2:44  Zergling x4  
  28  2:45  Zergling x6  
  32  2:55  Zergling x2  
  32  2:56  Zergling x2  
  34  3:02  Overlord  
  34  3:25  Baneling Nest, Drone  
  34  3:26  Drone x6  
  40  3:28  Queen  
  42  3:45  Overlord  
  42  3:47  Overlord  
  42  3:54  Hatchery  
  41  4:10  Zergling x2  
  41  4:11  Zergling x18  
  46  4:26  Zergling x2  
  46  4:27  Zergling x8  
  41  4:43  Zergling x2  
  41  4:44  Zergling x8  
Tags
 
Add a new tag
Caveats
  • Supply blocks, unpowered buildings, or Contaminate may cause inaccurate times.
  • Supply counts are checked every 10 seconds.